 Dungeon Crawl Stone Soup version 0.28.0-53-g5a82cb258f (webtiles) character file.

Game seed: 15638237544476406123

51 nickcage the Magician (level 4, -13/32 HPs)
             Began as a Djinni Hedge Wizard on July 12, 2022.
             Blown up by Ijyb (20 damage)
             ... with a mindburst bolt
             ... on level 3 of the Dungeon.
             The game lasted 00:05:54 (2477 turns).

nickcage the Magician (Djinni Hedge Wizard)         Turns: 2477, Time: 00:05:54

Health: -13/32     AC:  2    Str:  9    XL:     4   Next: 7%
Gold:   94         EV: 12    Int: 18    God:
                   SH:  0    Dex: 12

rFire   + + .      SeeInvis .   e - +2 dagger (vamp)
rCold   x . .      Faith    .   (no shield)
rNeg    . . .      Spirit   .   b - +0 robe
rPois   ∞          Reflect  .   c - +0 hat
rElec   .          Harm     .   (no cloak)
rCorr   .          Rampage  .   (no gloves)
Will    .....                   (boots unavailable)
Stlth   ++........              (no amulet)
HPRegen 0.10/turn               (no ring)
MPRegen 0.00/turn               (no ring)

@: flying
A: sickness immunity, fire resistance 2, cold vulnerability 1, float, innate
caster, HP casting, extra vitality 1
a: no special abilities


You were on level 3 of the Dungeon.
You visited 1 branch of the dungeon, and saw 3 of its levels.

You collected 94 gold pieces.

Inventory:

Hand Weapons
 a - a +0 dagger
 e - a +2 vampiric dagger (weapon)
Armour
 b - a +0 robe (worn)
 c - a +0 hat (worn)
Magical Staves
 f - a staff of earth
Scrolls
 g - 2 scrolls of fog {unknown}
 h - a scroll of identify {unknown}
 k - a scroll of enchant armour {unknown}
 l - a scroll of holy word {unknown}
Potions
 d - a potion of curing {unknown}
 i - a potion of heal wounds
 j - a potion of degeneration {unknown}


   Skills:
 * Level 1.3 Fighting
 - Level 2.1 Dodging
 - Level 1.5 Stealth
 + Level 3.4 Spellcasting


You couldn't memorise any spells.
You knew the following spells:

 Your Spells              Type           Power      Damage    Failure   Level
a - Magic Dart            Conj           60%        1d6       3%          1
b - Blink                 Tloc           30%        N/A       6%          2
c - Call Imp              Summ           15%        N/A       6%          2
d - Slow                  Hex            60%        N/A       3%          1
e - Conjure Flame         Conj/Fire      15%        6-21      12%         3
f - Mephitic Cloud        Conj/Pois/Air  15%        N/A       12%         3
g - Pain                  Necr           60%        1d7       3%          1
Your spell library was empty.

Dungeon Overview and Level Annotations

Branches:
Dungeon (3/15)

Altars:

Shops:
D:1 !

Annotations:
D:3 Ijyb


Innate Abilities, Weirdness & Mutations

You are immune to sickness and miasma.
You are immune to poison.
Your flesh is very heat resistant. (rF++)
You are vulnerable to cold. (rC-)
You float through the air rather than walking.
You learn spells naturally, not from books.
Your magical power is your life essence.
You have superior vitality. (+4 MHP)


Message History

The magic dart hits Ijyb.
Ijyb is heavily wounded.
Ijyb misses you.
Casting: Magic Dart (safe; 3% risk of failure)
Confirm with . or Enter, or press ? or * to list all spells.
Aiming: Magic Dart (safe; 3% risk of failure)
Press: ? - help, Shift-Dir - straight line, f/p - Ijyb
Aim: Ijyb, wielding a +0 club, wearing a +1 leather armour of cold resistance and carrying a wand of mindburst (6) (heavily wounded, ally target, 100% to hit)
The magic dart hits Ijyb but does no damage.
Ijyb is heavily wounded.
Ijyb hits you with a +0 club.
Casting: Magic Dart (safe; 3% risk of failure)
Confirm with . or Enter, or press ? or * to list all spells.
Aiming: Pain (safe; 3% risk of failure)
Press: ? - help, Shift-Dir - straight line, f/p - Ijyb
Aim: Ijyb, wielding a +0 club, wearing a +1 leather armour of cold resistance and carrying a wand of mindburst (6) (heavily wounded, ally target, chance to affect: 79%) Ijyb writhes in agony.
Ijyb hits you with a +0 club.
Aiming: Magic Dart (safe; 3% risk of failure)
Press: ? - help, Q - select action, (/) - cycle Shift-Dir - straight line, f/p - Ijyb
Aim: Ijyb, wielding a +0 club, wearing a +1 leather armour of cold resistance and carrying a wand of mindburst (6) (heavily wounded, ally target, 100% to hit)
The magic dart hits Ijyb.
Ijyb is severely wounded.
Ijyb drinks a potion.
Ijyb is healed!
Your crimson imp misses Ijyb.
Aiming: Magic Dart (safe; 3% risk of failure)
Press: ? - help, Q - select action, (/) - cycle Shift-Dir - straight line, f/p - Ijyb
Aim: Ijyb, wielding a +0 club, wearing a +1 leather armour of cold resistance and carrying a wand of mindburst (6) (ally target, 100% to hit)
The magic dart hits Ijyb but does no damage.
Ijyb hits you with a +0 club.
Your crimson imp hits Ijyb but does no damage.
Aiming: Magic Dart (safe; 3% risk of failure)
Press: ? - help, Q - select action, (/) - cycle Shift-Dir - straight line, f/p - Ijyb
Aim: Ijyb, wielding a +0 club, wearing a +1 leather armour of cold resistance and carrying a wand of mindburst (6) (ally target, 100% to hit)
The magic dart hits Ijyb.
Ijyb is lightly wounded.
Ijyb hits you with a +0 club.
* * * LOW HITPOINT WARNING * * *
Your crimson imp hits Ijyb but does no damage.
Ijyb zaps a wand.
Your mind is blasted!
Ouch! That really hurt!
You die...

...#..# ## ######.##
# .########..###
..............
################..##
#..............#....
#.####.........'....
#.####.........#....
#..@.....#'#........
#.g###.#.#.#.#####..
#.5#...#.#.#.#<.....
....#.###.#.#.#####..
####.#.....#.#.# #.<
#.#######.#.. ... #..
..### ###. ### ### ..
#


You could see Ijyb (ally target) and a friendly crimson imp (summoned).

Vanquished Creatures
  An adder (D:2)
  A worm (D:2)
  A dart slug (D:2)
  5 endoplasms
  2 giant cockroaches
  4 goblins (D:2)
  A hobgoblin (D:2)
  4 kobolds
  2 quokkas
  3 ball pythons
  6 bats
  2 frilled lizards
  2 rats (D:1)
34 creatures vanquished.

Notes
Turn   | Place    | Note
-------+----------+-------------------------------------------
     0 | D:1      | nickcage the Djinni Hedge Wizard began the quest for the
                  | Orb.
     0 | D:1      | Reached XP level 1. HP: 15/15 MP: 0/0
    30 | D:1      | Found a faded altar of an unknown god.
   563 | D:1      | Reached XP level 2. HP: 20/22 MP: 0/0
   649 | D:1      | Found Lebb's Distillery.
  1358 | D:2      | Reached skill level 3 in Spellcasting
  1382 | D:2      | Reached skill level 1 in Fighting
  1382 | D:2      | Reached XP level 3. HP: 15/27 MP: 0/0
  1382 | D:2      | Learned a level 1 spell: Pain
  2261 | D:3      | Reached XP level 4. HP: 29/32 MP: 0/0
  2466 | D:3      | Noticed Ijyb
  2477 | D:3      | Blown up by Ijyb

Illustrated notes

Levels and vault maps discovered:
D:1:      beargit_arrival_greenhouse, layout_basic, serial_shops, shop,
          ebering_ecumenical_altar_webs
D:2:      layout_rooms, hangedman_decor_points
D:3:      layout_basic, uniq_ijyb

Skill      XL: |  1  2 |
---------------+-------+-----
Spellcasting   | 3 |  3.4
Fighting       | 1 |  1.3
Dodging        | |  2.1
Stealth        | |  1.5

Action                   |  1- 3 |  4- 6 || total
-------------------------+-------+-------++-------
 Cast: Magic Dart        |    77 |    13 ||    90
       Call Imp          |     1 |     1 ||     2
       Pain              |       |     3 ||     3
Armor: Robe              |     3 |       ||     3
Dodge: Dodged            |     4 |     1 ||     5
